 Dungeon Crawl Stone Soup version 0.31.0-32-g396128a36d (webtiles) character file.

Game seed: 16863000691185355377

1170 tizbic2 the Fighter (level 8, -2/74 HPs)
             Began as a Djinni Necromancer on Mar 19, 2024.
             Was a Believer of Zin.
             Splashed by a jelly's acid (7 damage)
             ... on level 5 of the Dungeon.
             The game lasted 00:18:57 (3712 turns).

tizbic2 the Fighter (Djinni Necromancer)            Turns: 3712, Time: 00:18:57

Health: -2/74      AC: -11   Str:  7    XL:     8   Next: 68%
Gold:   127        EV:  8    Int: 16    God:    Zin [**....] SH:  0 Dex: 17

rFire   + + .        g - +0 falchion
rCold   x . .        (no shield)
rNeg    . . .        e - +0 scale mail
rPois   ∞            (no helmet)
rElec   .            (no cloak)
rCorr   .            s - +1 Delatra's gloves {ID++}
SInv    .            (boots unavailable)
Will    .....        (no amulet)
Stlth   +            (no ring)
HPRegen 0.32/turn    (no ring)
MPRegen 0.00/turn

%: infuse magic (-3 HP)
@: corroded, flying, invisible
A: sickness immunity, fire resistance 2, cold vulnerability 1, float, innate
caster, HP casting, extra vitality 1
a: Renounce Religion, Recite, Vitalisation, Donate Gold


You were on level 5 of the Dungeon.
You worshipped Zin.
Zin was pleased with you.
You visited 1 branch of the dungeon, and saw 5 of its levels.

You collected 165 gold pieces.
You donated 38 gold pieces to Zin.

Inventory:

Hand Weapons
 g - a +0 falchion (weapon)
 j - a +0 rapier
 l - a +0 short sword of venom
Missiles
 c - 2 throwing nets
 h - 3 boomerangs
Armour
 b - a +0 ring mail
 e - a +0 scale mail (worn)
 p - a +0 pair of gloves
 r - the +1 leather armour of the Boiling Point {rN+}
   (You found it on level 3 of the Dungeon)

   rN+:       It protects you from negative energy.
 s - the +1 Delatra's gloves (worn) {ID++}
   (You found it on level 3 of the Dungeon)

   ID++:      It heals its wearer when they drink unknown potions, and restores
   their MP when they read unknown scrolls.
Magical Staves
 z - a staff of alchemy
Jewellery
 k - a +6 ring of intelligence
Wands
 q - a wand of iceblast (6)
 y - a wand of acid (10)
Scrolls
 a - a scroll of poison
 d - 6 scrolls of identify
 m - a scroll of immolation {unknown}
 o - 3 scrolls of teleportation {unknown}
 t - a scroll of enchant weapon
Potions
 f - 2 potions of curing
 n - 3 potions of attraction
 u - a potion of degeneration {unknown}
 x - a potion of might


   Skills:
 + Level 12.8 Fighting
 + Level 3.0 Long Blades
 * Level 3.1 Armour
 - Level 2.1 Dodging
 - Level 1.5 Stealth
 + Level 4.2 Spellcasting
 + Level 4.2 Conjurations
 + Level 4.2 Hexes
   Level 0.0 Charms
 + Level 4.2 Summonings
 + Level 4.2 Necromancy
 + Level 4.2 Translocations
   Level 0.0 Transmutations
 + Level 4.2 Fire Magic
 + Level 4.2 Ice Magic
 + Level 4.2 Air Magic
 + Level 4.2 Earth Magic
 + Level 4.2 Alchemy
 * Level 3.6 Invocations


You knew the following spells:

 Your Spells              Type           Power      Damage    Failure   Level
a - Necrotise             Necr           64%        1d7       32%         1
b - Vampiric Draining     Necr           16%        2d7       67%         3
c - Animate Dead          Necr           16%        N/A       97%         4
d - Curse of Agony        Necr           16%        N/A       100%        5
e - Slow                  Hex            64%        N/A       32%         1
f - Static Discharge      Conj/Air       32%        3-5/arc   43%         2
g - Frozen Ramparts       Ice            32%        1d5       67%         3
Your spell library was empty.

Dungeon Overview and Level Annotations

Branches:
Dungeon (5/15)
 Temple: D:4-7

Altars:
Cheibriados
Wu Jian
Zin

Shops:
D:2 [   D:3 [


Innate Abilities, Weirdness & Mutations

You are immune to sickness and miasma.
You are immune to poison.
Your flesh is very heat resistant. (rF++)
You are vulnerable to cold. (rC-)
You float through the air rather than walking.
You learn spells naturally, not from books.
Your magical power is your life essence.
You have superior vitality. (+4 MHP)


Message History

* * * LOW HITPOINT WARNING * * *
The jelly attacks as it pursues you! The jelly hits you.
* * * LOW HITPOINT WARNING * * *
You are splashed with acid!
* * * LOW HITPOINT WARNING * * *
Press: ? - help, v - describe, . - travel
Here: a jelly (moderately wounded)
The floor.
A jelly is nearby!
It was a potion of heal wounds.
You feel much better.
The energy of discovery flows from your fingertips!
You feel much better. The jelly hits you.
You are splashed with acid!
You hit the jelly but do no damage. The acid corrodes you!
Your hands burn!
The jelly is moderately wounded.
The jelly closely misses you.
As you read the scroll labelled EMEIVE VUVEUSO, it crumbles to dust.
It is a scroll of identify.
t - a scroll of enchant weapon The energy of discovery flows from your fingertips!
Magic washes over you without effect. The jelly closely misses you.
Your +0 short sword of venom stops dripping with poison.
g - a +0 falchion (weapon)
You hit the jelly.
Your hands burn!
The jelly is heavily wounded.
The jelly hits you.
You are splashed with acid.
You hit the jelly but do no damage.
Your hands burn!
The jelly is heavily wounded.
The jelly hits you.
You are splashed with acid.
* * * LOW HITPOINT WARNING * * *
You hit the jelly but do no damage.
Your hands burn!
* * * LOW HITPOINT WARNING * * *
The jelly is heavily wounded.
The jelly hits you.
* * * LOW HITPOINT WARNING * * *
You are splashed with acid!
* * * LOW HITPOINT WARNING * * *
The jelly hits you.
* * * LOW HITPOINT WARNING * * *
The acid corrodes you!
You are splashed with acid!
You die...

## ..## ...###
.....###
#########.......
...............
#......)...#
#..))@J..#
###......##
##....<.#
#...##.># #...##
##.# #.... .#
#.###. .# ..# .
.. .# .


You could see a jelly.

Vanquished Creatures
  Duvessa (D:4)
  A black bear (D:4)
  Dowan (D:4)
  2 orc priests (D:4)
  A hound (D:3)
  A sleepcap (D:4)
  3 orc wizards
  An iguana (D:4)
  3 gnolls (D:4)
  2 adders
  3 dart slugs
  3 ribbon worms
  14 orcs
  12 endoplasms
  2 giant cockroaches
  5 goblins
  9 hobgoblins
  3 quokkas
  4 ball pythons
  3 bats
  5 frilled lizards
  6 kobolds
  4 rats
89 creatures vanquished.

Vanquished Creatures (collateral kills)
  An endoplasm (D:1)
1 creature vanquished.

Grand Total: 90 creatures vanquished

Notes
Turn   | Place    | Note
-------+----------+-------------------------------------------
     0 | D:1      | tizbic2 the Djinni Necromancer began the quest for the Orb.
     0 | D:1      | tizbic2 set off with the following spells memorised:
                  | Necrotise, Vampiric Draining, Animate Dead, Curse of Agony.
     0 | D:1      | Reached XP level 1. HP: 15/15 MP: 0/0
   164 | D:1      | Reached XP level 2. HP: 10/22 MP: 0/0
   456 | D:1      | Found a faded altar of an unknown god.
   463 | D:1      | Prayed at the altar of an unknown god.
   463 | D:1      | Became a worshipper of Zin the Law-Giver
   463 | D:1      | Reached * piety under Zin
   512 | D:1      | Donated 22 gold pieces to Zin
   756 | D:2      | Reached XP level 3. HP: 20/26 MP: 0/0
   756 | D:2      | Learned a level 1 spell: Slow
  1003 | D:2      | Reached skill level 1 in Fighting
  1003 | D:2      | Reached skill level 1 in Long Blades
  1003 | D:2      | Reached skill level 1 in Armour
  1009 | D:2      | Found Coef's Antique Armour Boutique.
  1125 | D:2      | Reached XP level 4. HP: 32/32 MP: 0/0
  1186 | D:2      | Reached skill level 1 in Invocations
  1399 | D:3      | Reached ** piety under Zin
  1674 | D:3      | Found Giefyet's Antique Armour Emporium.
  1743 | D:3      | Found the +1 Delatra's gloves {ID++}
  1767 | D:3      | Reached XP level 5. HP: 23/37 MP: 0/0
  1767 | D:3      | Learned a level 2 spell: Static Discharge
  1776 | D:3      | Identified the +1 leather armour of the Boiling Point {rN+}
  2110 | D:4      | Noticed a black bear
  2119 | D:4      | Noticed Dowan
  2126 | D:4      | HP: 1/37 [orc/+0 flail of protection (2)]
  2342 | D:4      | Noticed Duvessa
  2356 | D:4      | Killed Duvessa
  2357 | D:4      | Reached XP level 6. HP: 19/43 MP: 0/0
  2359 | D:4      | Killed Dowan
  2360 | D:4      | Reached skill level 2 in Fighting
  2666 | D:4      | Reached XP level 7. HP: 29/49 MP: 0/0
  2666 | D:4      | Learned a level 3 spell: Frozen Ramparts
  2744 | D:4      | Found a snail-covered altar of Cheibriados.
  2812 | D:4      | Found an ornate altar of the Wu Jian Council.
  3684 | D:5      | Entered Level 5 of the Dungeon
  3702 | D:5      | Reached skill level 12 in Fighting
  3702 | D:5      | Reached XP level 8. HP: 40/74 MP: 0/0
  3712 | D:5      | Splashed by a jelly's acid

Illustrated notes

Levels and vault maps discovered:
D:1:      psy_arrival_conway, layout_basic, dilly_ecumenical_altar_fadedgnrine
D:2:      layout_rooms, serial_shops, nicolae_shop_tiny_statue_garden
D:3:      layout_basic, serial_shops, nicolae_shop_trees, serial_bayou_pond_b,
          pf_guarded_unrand_delatra
D:4:      layout_basic, mainiacjoe_overflow_catwalk, cheibrodos_worm_habitat,
          minmay_misc_feat_columns, uniq_duvessa
D:5:      layout_layer_cave, nicolae_gozag_cash_rules_everything_around_me

Skill      XL: |  1  2  3  4  5  6  7 |
---------------+----------------------+-----
Fighting       | 1 2 12 | 12.8
Long Blades    | 1 2 3 |  3.0
Armour         | 1 2 3 |  3.1
Invocations    | 1 2 3 |  3.6
Spellcasting   | 4 |  4.2
Conjurations   | 4 |  4.2
Hexes          | 4 |  4.2
Summonings     | 4 |  4.2
Necromancy     | 4 |  4.2
Translocations | 4 |  4.2
Fire Magic     | 4 |  4.2
Ice Magic      | 4 |  4.2
Air Magic      | 4 |  4.2
Earth Magic    | 4 |  4.2
Alchemy        | 4 |  4.2
Dodging        | |  2.1
Stealth        | |  1.5

Action                     |  1- 3 |  4- 6 |  7- 9 || total
---------------------------+-------+-------+-------++-------
  Melee: Unarmed           |    11 |       |       ||    11
         Short sword       |    57 |   145 |    77 ||   279
         Falchion          |    11 |       |     3 ||    14
         Punch             |     1 |     2 |     2 ||     5
   Cast: Necrotise         |    18 |       |       ||    18
         Slow              |     8 |     7 |     3 ||    18
         Static Discharge  |       |       |     1 ||     1
 Invoke: Donate Gold       |     1 |       |       ||     1
         Recite            |       |     5 |     2 ||     7
    Use: Scroll            |     2 |       |     1 ||     3
         Potion            |       |     4 |     3 ||     7
   Stab: Confused          |       |     1 |       ||     1
         Invisible         |       |       |     2 ||     2
 Armour: Ring mail         |    43 |    43 |       ||    86
         Robe              |     1 |       |       ||     1
         Leather armour    |       |    45 |       ||    45
         Scale mail        |       |    53 |    78 ||   131
  Dodge: Dodged            |    34 |    92 |    31 ||   157
